 Dungeon Crawl Stone Soup version 0.31-a0-240-gb923e448b6 (webtiles) character file.

Game seed: 14863821823704648845

4188 Morbidden the Grappler (level 10, -1/70 HPs)
             Began as a Troll Shapeshifter on July 12, 2023.
             Was a Priest of Cheibriados.
             Slain by an orc
             ... wielding a +0 trident
              (4 damage)
             ... on level 9 of the Dungeon.
             The game lasted 00:08:34 (6503 turns).

Morbidden the Grappler (Troll Shapeshifter)         Turns: 6503, Time: 00:08:34

Health: -1/70      AC:  2    Str: 35    XL:     10   Next: 8%
Magic:  9/9        EV: 12    Int: 10    God:    Cheibriados [***...]
Gold:   111        SH:  0    Dex: 16    Spells: 9/9 levels left

rFire   . .          .
                       - Unarmed
rCold   . . .        (no shield)
rNeg    . . .        x - melded +2 robe {rF+}
rPois   .            (helmet restricted)
rElec   .            (no cloak)
rCorr   .            (gloves unavailable)
SInv    .            (boots unavailable)
Will    .....        (no amulet)
Stlth   ++           B - +4 ring of slaying
HPRegen 1.11/turn    (no ring)
MPRegen 0.11/turn

%: no passive effects
@: maw-form, very slow
A: devouring maw, reduced hp, large, unfitting armour, claws 3, regeneration 1,
shaggy fur 1, tough skin 1
a: Renounce Religion, Bend Time, Temporal Distortion


You were on level 9 of the Dungeon.
You worshipped Cheibriados.
Cheibriados was most pleased with you.
You were a creature with a mouth for a stomach.
You visited 2 branches of the dungeon, and saw 10 of its levels.

You collected 511 gold pieces.
You spent 400 gold pieces at shops.

Inventory:

Hand Weapons
 E - a +0 dagger
Missiles
 a - 3 boomerangs (quivered)
 i - 4 throwing nets
 F - 6 poisoned darts
Armour
 d - a +2 cloak
 x - a +2 robe of fire resistance (melded)
Jewellery
 B - a +4 ring of slaying (left claw)
 C - a ring of poison resistance
 D - a +4 ring of protection
Talismans
 c - a beast talisman
 z - a maw talisman
 G - a blade talisman
Wands
 s - a wand of polymorph (3)
 t - a wand of quicksilver (22)
 v - a wand of mindburst (8)
 y - a wand of iceblast (10)
 A - a wand of flame (18)
Scrolls
 e - 3 scrolls of noise {unknown}
 f - 7 scrolls of teleportation {unknown}
 h - 2 scrolls of vulnerability {unknown}
 j - a scroll of fog {unknown}
 l - 2 scrolls of revelation {unknown}
 n - 5 scrolls of identify {unknown}
 o - 4 scrolls of blinking {unknown}
Potions
 b - 4 potions of lignification
 g - a potion of cancellation {unknown}
 k - 2 potions of enlightenment {unknown}
 m - 2 potions of brilliance
 p - a potion of invisibility {unknown}
 q - a potion of heal wounds {unknown}
 r - 2 potions of degeneration {unknown}
 u - a potion of might {unknown}
 w - a potion of haste {unknown}


   Skills:
 * Level 4.7 Fighting
 * Level 4.8 Dodging
 + Level 1.0 Stealth
 * Level 9.9 Unarmed Combat
 + Level 0.1 Spellcasting
 + Level 1.8 Evocations
 * Level 6.4 Shapeshifting


You had 9 spell levels left.
You didn't know any spells.
Your spell library contained the following spells:

 Spells                   Type           Power      Damage    Failure   Level
 Foxfire                  Conj/Fire      0%         2x1d4     36%         1
 Static Discharge         Conj/Air       0%         2-2/arc   50%         2
 Hailstorm                Conj/Ice       0%         3d3       75%         3
 Airstrike                Air            0%         2d(0-16)  98%         4
 Summon Ice Beast         Ice/Summ       0%         N/A       98%         4
 Summon Lightning Spire   Summ/Air       0%         N/A       98%         4
 Plasma Beam              Fire/Air       0%         2x1d10    100%        6
 Simulacrum               Ice/Necr       0%         N/A       100%        6
 Starburst                Conj/Fire      0%         6d3       100%        6


Dungeon Overview and Level Annotations

Branches:
Dungeon (9/15)             Temple (1/1) D:6            Lair (0/5) D:8
    Orc: D:9-12

Altars:
Ashenzari
Cheibriados
Dithmenos
Fedhas
Gozag
Kikubaaqudgha
Ru
Sif Muna
Trog
Uskayaw
Vehumet
Wu Jian
Xom
Zin

Shops:
D:3 =   D:6 ?*(**

Annotations:
D:3 exclusion: ice beast
D:6 1 runed translucent door, Crazy Yiuf
D:9 Maurice


Innate Abilities, Weirdness & Mutations

You are a creature with a mouth for a stomach.
Your midsection houses a second, enormous mouth.
Your maximum health is decreased, since you lack skill for your form.
You are too large for most types of armour.
You have claws for hands.
Your natural rate of healing is unusually fast.
You are covered in fur. (AC +1)
You have tough skin. (AC +1)


Message History

Unknown command.
You claw the orc wizard!
You devour the orc wizard!
You feel better.
You kill the orc wizard!
Cheibriados thoroughly appreciates the change of pace.
Something completely misses you. The orc hits you with a +0 club.
The orc hits you from afar with a +0 trident.
The orc closely misses you.
A yak comes into view.
Something hits you.
* * * LOW HITPOINT WARNING * * *
The howler monkey hoots and howls with incredible vigour!
Unknown command.
You completely miss the orc. You bite the orc.
The orc is moderately wounded.
The orc hits you with a +0 club.
* * * LOW HITPOINT WARNING * * *
The orc hits you from afar with a +0 trident.
* * * LOW HITPOINT WARNING * * *
The orc misses you. Something hits you.
* * * LOW HITPOINT WARNING * * *
Something hits you.
* * * LOW HITPOINT WARNING * * *
Unknown command.
Unknown command.
Unknown command.
Unknown command.
Okay, then.
Okay, then.
Unknown command.
You barely miss the orc. Your bite misses the orc.
Unknown command.
Unknown command.
You barely miss the orc.
The sentinel's mark upon you fades away.
You hear some strange, mumbled words.
Something tries to affect you, but you resist.
The orc hits you with a +0 club.
* * * LOW HITPOINT WARNING * * *
The orc hits you from afar with a +0 trident.
You die...

#........
#........
#........
#........
#$.......
##........
.######.........
......oo{.......
.......#W)..####
##.o#.o{####
#..##.h# .o.
......
.........##
....####.. #..#
... ..# .).. ..
.....


You could see a howler monkey (catching breath) and 3 orcs.

Vanquished Creatures
  A two-headed ogre (D:8)
  Pikel (D:6)
  A hornet (D:7)
  Sigmund (D:5)
  Edmund (D:6)
  2 water moccasins
  Duvessa (D:7)
  2 orc warriors
  3 ice beasts
  An ogre (D:7)
  A lemure (D:6)
  A phantom (D:6)
  A kobold brigand (D:8)
  2 bullfrogs (D:8)
  2 gnoll sergeants
  3 scorpions
  Dowan (D:7)
  2 howler monkeys
  A centaur zombie (D:3)
  6 jellies
  4 hounds
  7 orc priests
  An iguana (D:6)
  Natasha (D:2)
  7 orc wizards
  15 gnolls
  6 adders
  A shadow imp (D:8)
  2 white imps (D:7)
  An adder skeleton (D:3)
  3 worms
  4 dart slugs
  31 orcs
  6 endoplasms
  2 giant cockroaches
  4 goblins
  4 hobgoblins
  7 jackals
  3 quokkas
  3 ball pythons
  3 bats
  2 frilled lizards
  A giant cockroach zombie (D:3)
  8 kobolds
  A quokka zombie (D:3)
  3 rats
164 creatures vanquished.

Notes
Turn   | Place    | Note
-------+----------+-------------------------------------------
     0 | D:1      | Morbidden the Troll Shapeshifter began the quest for the
                  | Orb.
     0 | D:1      | Reached XP level 1. HP: 19/19 MP: 0/0
   392 | D:1      | Reached XP level 2. HP: 28/28 MP: 1/1
   914 | D:2      | Reached XP level 3. HP: 35/35 MP: 2/2
  1286 | D:2      | Reached XP level 4. HP: 14/42 MP: 3/3
  1438 | D:2      | Noticed Natasha
  1445 | D:2      | Killed Natasha
  1643 | D:3      | Found Piunli's Jewellery Shop.
  1824 | D:3      | Noticed an ice beast
  2158 | D:3      | Reached XP level 5. HP: 46/49 MP: 4/4
  2190 | D:3      | Found a bloodstained altar of Trog.
  2190 | D:3      | Found a hide-covered altar of Uskayaw.
  2228 | D:3      | Found an opulent altar of Gozag.
  2619 | D:4      | Reached skill level 3 in Unarmed Combat
  2792 | D:4      | Reached XP level 6. HP: 54/59 MP: 5/5
  3042 | D:5      | Entered Level 5 of the Dungeon
  3222 | D:5      | Noticed Sigmund
  3231 | D:5      | Killed Sigmund
  3232 | D:5      | Reached skill level 4 in Unarmed Combat
  3232 | D:5      | Reached skill level 1 in Evocations
  3384 | D:5      | Reached XP level 7. HP: 61/66 MP: 6/6
  3819 | D:5      | Reached skill level 5 in Unarmed Combat
  3830 | D:5      | Reached skill level 5 in Shapeshifting
  3983 | D:6      | Noticed Edmund
  4051 | D:6      | Reached XP level 8. HP: 64/75 MP: 7/7
  4094 | D:6      | Killed Edmund
  4112 | D:6      | Found a staircase to the Ecumenical Temple.
  4140 | Temple   | Entered the Ecumenical Temple
  4201 | Temple   | Became a worshipper of Cheibriados the Contemplative
  4242 | D:6      | Noticed Pikel
  4254 | D:6      | Killed Pikel
  4255 | D:6      | Reached skill level 6 in Unarmed Combat
  4371 | D:6      | Found Wuroph's Weapon Shoppe.
  4376 | D:6      | Reached skill level 7 in Unarmed Combat
  4392 | D:6      | Found Emaggypn's Magic Scroll Shoppe.
  4408 | D:6      | Found Kingouru's General Store.
  4430 | D:6      | Found Caleisa's General Store.
  4441 | D:6      | Reached XP level 9. HP: 78/79 MP: 8/8
  4523 | D:6      | Found Bice's Assorted Antiques.
  4611 | D:6      | Identified the +2 hammer of Invincibility {vamp, rElec
                  | rPois rCorr Dex-5}
  4614 | D:6      | Found a runed translucent door.
  4615 | D:6      | Noticed Crazy Yiuf
  4778 | D:6      | Found a glowing silver altar of Zin.
  4937 | D:3      | Bought a maw talisman for 400 gold pieces
  5098 | D:7      | Reached skill level 8 in Unarmed Combat
  5177 | D:7      | Reached * piety under Cheibriados
  5375 | D:7      | Noticed Dowan
  5376 | D:7      | Noticed Duvessa
  5381 | D:7      | Killed Dowan
  5387 | D:7      | Killed Duvessa
  5388 | D:7      | Reached skill level 9 in Unarmed Combat
  5464 | D:7      | Reached ** piety under Cheibriados
  5705 | D:8      | Found a shadowy altar of Dithmenos.
  5840 | D:8      | Found a staircase to the Lair.
  6145 | D:8      | Noticed a two-headed ogre
  6149 | D:8      | Killed a two-headed ogre
  6150 | D:8      | Reached skill level 1 in Stealth
  6150 | D:8      | Reached XP level 10. HP: 52/94 MP: 9/9
  6489 | D:9      | Noticed Maurice
  6495 | D:9      | Reached *** piety under Cheibriados
  6503 | D:9      | HP: 3/70 [orc/+0 club (4)]
  6503 | D:9      | Slain by an orc

Illustrated notes

Levels and vault maps discovered:
D:1:      doesnt_arrival_eight_statues, layout_basic,
          minmay_misc_feat_diagonals, minmay_hexomino_u4
D:2:      layout_loops_ring, uniq_natasha
D:3:      layout_basic, mainiacjoe_overflow_large_starburst,
          nicolae_overflow_crystal_walls, serial_shops, nicolae_shop_peninsula,
          serial_undead, serial_undead_a, serial_undead_e, serial_undead_d,
          serial_undead_d
D:4:      layout_loops_ring
D:5:      layout_gridville, nicolae_elevator_lobby_plus, uniq_sigmund
D:6:      layout_cave_pools, lemuel_round_altar, minmay_temple_entry_waves,
          serial_shops, shop, nicolae_shop_tiny_glass, shop,
          nicolae_shop_rolling_square, nicolae_diamond_shop,
          grunt_ministairs_12, uniq_edmund, uniq_pikel, uniq_crazy_yiuf_cottage
D:7:      layout_rooms, minivault_4, uniq_duvessa
D:8:      layout_basic, grunt_dithmenos_smoke, lair_entry_dummy, minivault_5
D:9:      layout_rooms, nicolae_tso_carved_into_rock,
          nicolae_hepliaklqana_monster_ancestors, lemuel_tele_altar,
          uniq_maurice
Temple:   compressed_dpeg_triangle_lava_temple

Skill      XL: |  1  2  3  4  5  6  7  8  9 |
---------------+----------------------------+-----
Fighting       | 2 3 4 |  4.7
Dodging        | 2 3 4 |  4.8
Unarmed Combat | 3 4 5 7 9 |  9.9
Shapeshifting  | 4 5 6 |  6.4
Evocations     | 1 |  1.8
Stealth        | 1 |  1.0
Spellcasting   | |  0.1

Action                     |  1- 3 |  4- 6 |  7- 9 | 10-12 || total
---------------------------+-------+-------+-------+-------++-------
  Melee: Unarmed           |    57 |    78 |   171 |    20 ||   326
         Punch             |     1 |     3 |     8 |       ||    12
         Maw               |       |       |     5 |     2 ||     7
  Throw: Throwing net      |       |     1 |     1 |       ||     2
  Evoke: Wand              |       |       |     1 |       ||     1
    Use: Potion            |       |       |     1 |       ||     1
   Stab: Held in net/web   |       |     1 |       |       ||     1
         Sleeping          |       |       |     3 |     1 ||     4
 Armour: Animal skin       |    12 |    17 |     6 |       ||    35
         Robe              |       |       |    24 |       ||    24
         Skin              |       |       |     5 |     1 ||     6
  Dodge: Dodged            |    21 |    26 |    90 |    18 ||   155
   Form: Maw               |       |       |     1 |       ||     1

Table legend: (Time is in decaauts)
 A = Elapsed time spent in this place.
 B = Non-inter-level travel time spent in this place.
 C = Inter-level travel time spent in this place.
 D = Time resting spent in this place.
 E = Time spent auto-exploring this place.
 F = Levels seen in this place.
 G = Mean time per level.
                   A        B        C        D        E       F      G
               +--------+--------+--------+--------+--------+-----+--------+
         Total |   7272 |   6645 |    627 |    187 |   5483 |  10 |  727.2 |
       Dungeon |   7189 |   6582 |    607 |    187 |   5438 |   9 |  798.8 |
        Temple |     83 |     63 |     20 |      0 |     45 |   1 |   83.0 |
               +--------+--------+--------+--------+--------+-----+--------+

Top non-repeatable levels by time:
     D:8: 1245 daAuts
     D:6: 1111 daAuts
     D:5: 960 daAuts
     D:3: 879 daAuts
     D:1: 858 daAuts
     D:2: 747 daAuts
     D:4: 703 daAuts
     D:7: 656 daAuts
  Temple: 83 daAuts
     D:9: 26 daAuts
